 Dungeon Crawl Stone Soup version 0.18.1-48-g4cf74bf (webtiles) character file.

168 MistressOfTheDunes the Insei (level 5, -4/41 HPs)
             Began as a Mummy Monk on July 20, 2016.
             Slain by a gnoll
             ... wielding a +0 flail
              (9 damage)
             ... on level 2 of the Dungeon.
             The game lasted 00:04:07 (5290 turns).

MistressOfTheDunes the Insei (Mummy Monk)           Turns: 5290, Time: 00:04:08

Health: -4/41      AC:  0    Str: 14    XL:     5   Next: 24%
Magic:  5/5        EV: 13    Int:  9    God:
Gold:   90         SH:  0    Dex: 16    Spells: 0 memorised, 4 levels left

rFire  x . .     SeeInvis .       - Unarmed
rCold  + . .     Gourm    .     (no armour)
rNeg   + + +     Faith    .     (no shield)
rPois  ∞         Spirit   .     (no helmet)
rElec  .         Dismiss  .     (no cloak)
rCorr  .         Reflect  .     (no gloves)
SustAt .         Harm     .     (no boots)
MR     .....                    (no amulet)
Stlth  ++........               (no ring)
                                (no ring)

@: not resistant to hostile enchantments, unstealthy
A: no food or potions, fire vulnerability, cold resistance 1, negative energy
resistance 3, torment resistance, unbreathing
a: no special abilities


You were on level 2 of the Dungeon.
You were not hungry.

You visited 1 branch of the dungeon, and saw 3 of its levels.

You collected 90 gold pieces.


Innate Abilities, Weirdness & Mutations

You do not eat or drink.
Your flesh is vulnerable to fire.
You are immune to poison.
Your flesh is cold resistant.
You are immune to negative energy.
You are immune to unholy pain and torment.
You can survive without breathing.


   Skills:
 - Level 3.0 Fighting
 - Level 2.4 Dodging
 - Level 1.5 Stealth
 + Level 5.4 Unarmed Combat


You had 4 spell levels left.
You didn't know any spells.

Inventory:

Scrolls
 a - 3 scrolls of identify {unknown}
 b - a scroll of teleportation {unknown}
 c - 2 scrolls of remove curse {unknown}
 d - a scroll of immolation {unknown}
 e - a scroll of random uselessness {unknown}
 f - 2 scrolls of magic mapping {unknown}

Dungeon Overview and Level Annotations

Branches:
Dungeon (3/15)

Altars:
Ashenzari
Nemelex Xobeh

▒.....▒..........▒ ▒▒▒▒...
▒.▒▒▒...▒▒.....▒▒▒▒▒▒.▒▒.▒▒
▒.▒ ▒...▒▒...........▒▒...▒
▒.▒ ▒...▒▒..(.......▒▒...%.
▒.▒ ▒...▒▒.(........▒......
▒.▒ ▒...▒▒.............._..
▒.▒▒▒...▒▒..........▒......
▒.......▒▒[g........▒▒.....
▒......▒▒▒M........÷.▒▒...▒
▒......▒ ▒.▒▒▒▒▒▒.....▒▒.▒▒
▒....▒▒▒ ▒.....%▒▒▒▒.......
▒▒.▒▒▒▒▒▒▒▒......▒ ▒.......
▒...g.%..........▒ ▒...▒▒▒▒
▒▒▒▒.....▒.......▒▒▒▒...▒▒..
▒.....▒.........▒▒...▒▒..
▒.....▒.........▒▒...▒▒..
▒.....▒..............▒▒..


You could see a gnoll.


Message History

You are too injured to fight recklessly!!!
You are too injured to fight recklessly!!!
You are too injured to fight recklessly!!!
You are too injured to fight recklessly!!!
You are too injured to fight recklessly!!!
You are too injured to fight recklessly!!!
You are too injured to fight recklessly!!!
You are too injured to fight recklessly!!!
You are too injured to fight recklessly!!!
You are too injured to fight recklessly!!!
You are too injured to fight recklessly!!!
You are too injured to fight recklessly!!!
You are too injured to fight recklessly!!!
You are too injured to fight recklessly!!!
You barely miss the gnoll!
The gnoll is heavily wounded!
The gnoll hits you with a flail!!! * * * don't die
* * * You beat the gnoll into a bloody pulp!
Your punch misses the gnoll!
The gnoll is almost dead!
You barely miss the gnoll!
The gnoll is almost dead!
The gnoll barely misses you!
You barely miss the gnoll!
The gnoll is almost dead!
The gnoll barely misses you!
You closely miss the gnoll!
The gnoll is almost dead!
The gnoll hits you with a flail!!! rip

Action                   |  1- 3 |  4- 6 || total
-------------------------+-------+-------++-------
Melee: Unarmed           |   143 |   133 ||   276
       Punch             |     3 |     1 ||     4
 Stab: Sleeping          |     2 |     2 ||     4
       Distracted        |       |     1 ||     1
Dodge: Dodged            |    81 |    75 ||   156

Vault maps used:
D:1:      roderic_crop_circles_arrival_small, st_stairs_9,
          nemelex_xobeh_ov_fountains_minmay
D:2:      lemuel_round_altar
D:3:      lemuel_coloured_pillars_altar, first_bread

Notes
Turn   | Place    | Note
--------------------------------------------------------------
     0 | D:1      | MistressOfTheDunes the Mummy Monk began the quest for the Orb.
     0 | D:1      | Reached XP level 1. HP: 18/18 MP: 1/1
   337 | D:1      | Reached XP level 2. HP: 13/24 MP: 2/2
  1124 | D:1      | Reached skill level 4 in Unarmed Combat
  1238 | D:1      | Found a sparkling altar of Nemelex Xobeh.
  1346 | D:1      | Reached XP level 3. HP: 5/29 MP: 3/3
  2134 | D:2      | Found a shattered altar of Ashenzari.
  2771 | D:2      | Reached XP level 4. HP: 9/35 MP: 4/4
  4125 | D:3      | Reached skill level 5 in Unarmed Combat
  4452 | D:3      | Reached XP level 5. HP: 34/41 MP: 5/5
  4820 | D:3      | HP: 1/41 [gnoll/flail (8)]
  4866 | D:3      | HP: 1/41 [gnoll/flail (6)]
  4986 | D:2      | HP: 2/41 [gnoll/flail (9)]
  5286 | D:2      | HP: 4/41 [gnoll/flail (14)]
  5290 | D:2      | Slain by a gnoll

Vanquished Creatures
  An orc wizard (D:3)
  2 gnolls (D:3)
  5 adders
  4 worms
  2 giant geckos
  4 orcs
  5 giant cockroaches
  9 goblins
  5 hobgoblins
  3 jackals (D:2)
  6 kobolds
  2 quokkas
  A ball python (D:1)
  3 bats
  2 giant newts (D:1)
  6 rats
60 creatures vanquished.
